 Dungeon Crawl Stone Soup version 0.23.1 (webtiles) character file.

Game seed: 15060571672867911190

217 Chiseanne the Ducker (level 5, 0/57 HPs)
             Began as an Octopode Monk on Mar 5, 2019.
             Slain by a howler monkey (4 damage)
             ... on level 4 of the Dungeon.
             The game lasted 00:05:40 (3409 turns).

Chiseanne the Ducker (Octopode Monk)                Turns: 3409, Time: 00:05:41

Health: 0/57       AC: 22    Str: 11    XL:     5   Next: 94%
Magic:  5/5        EV:  2    Int: 12    God:
Gold:   262        SH: 14    Dex: 15    Spells: 4/4 levels left

rFire    . . .     SeeInvis .   a - +1 hand axe
rCold    . . .     Gourm    .   l - +3 large shield
rNeg     + + +     Faith    .   (helmet currently unavailable)
rPois    +         Spirit   .   q - amulet of harm
rElec    .         Reflect  .   (no ring)
rCorr    .         Harm     +   (no ring)
MR       .....     NoTele   +   (no ring)
Stlth    ++........             (no ring)
HPRegen  0.19/turn              (no ring)
MPRegen  0.09/turn              (no ring)
                                (no ring)
                                (no ring)

@: lethally poisoned (0 -> -1), tree-form (expiring), slowed, very slow
A: almost no armour, stealthy swim, (amphibious), 8 rings, (constrict 8)
a: no special abilities


You were on level 4 of the Dungeon.
You were not hungry.
You were a tree.
You visited 1 branch of the dungeon, and saw 4 of its levels.

You collected 262 gold pieces.

Inventory:

Hand Weapons
 a - a +1 hand axe (weapon)
 i - a +0 blowgun
Missiles
 d - 91 stones (quivered)
 g - 37 bolts
 h - 20 poisoned needles
 j - 5 tomahawks
 k - 73 arrows
 o - 7 javelins
 p - 23 sling bullets
Armour
 l - a +3 large shield (worn)
Jewellery
 n - an uncursed amulet of magic regeneration
 q - an amulet of harm (around neck)
Wands
 u - a wand of digging (6)
Scrolls
 e - 3 scrolls of teleportation
 s - a scroll of magic mapping {unknown}
 w - a scroll of amnesia
Potions
 c - a potion of mutation
 f - a potion of brilliance
Comestibles
 b - 8 rations
 v - 5 chunks of flesh


   Skills:
 * Level 4.3 Fighting
 - Level 3.0 Axes
 * Level 4.4 Dodging
 - Level 3.5 Stealth
 * Level 2.5 Shields


You had 4 spell levels left.
You didn't know any spells.
Your spell library was empty.

Dungeon Overview and Level Annotations

Branches:
Dungeon (4/15)
 Temple: D:4-7

Altars:
Dithmenos
Elyvilon
Uskayaw


Innate Abilities, Weirdness & Mutations

You cannot wear most types of armour.
You are very stealthy in the water. (Stealth+)
((You are amphibious.))
You can wear up to eight rings at the same time.
((You can use your tentacles to constrict eight enemies at once.))
((Your skin changes colour to match your surroundings (Stealth+).))
((Your rubbery body absorbs attacks. (AC +1, EV +1)))


Message History

The orc barely misses you.
The orc wizard mumbles some strange words.
The orc wizard blinks!
A worker ant comes into view.
The howler monkey hits you but does no damage.
Something hits you but does no damage.
The worker ant bites you but does no damage.
The orc priest hits you with a +0 mace.
* * * LOW HITPOINT WARNING * * *
The worker ant twitches its antennae in your direction.
You hit the orc priest.
The orc priest is severely wounded.
You hit the orc but do no damage. You closely miss the howler monkey.
You hit the worker ant but do no damage.
You hit something.
Your transformation is almost over.
You feel sick. The orc hits you but does no damage.
You block the howler monkey's attack. The worker ant barely misses you.
Something hits you but does no damage. The howler monkey hits you.
You die...

....... ...# #..._..
....##....... ... ..
...... ....... ..# ...
#>... #.....# ...#
...###..###..#..## ....#
........##..# #.Z##o...#
#.........###.ah......
##..........#.o♣†...>..
.#.....÷.......a)o..#...
..........#.....##......
.......#####....##.....#
.###..## #.....#....##
.. ##.# #..........#
...#..## #......oo....
#.....# ###............
####..###............


You could see a howler monkey, 2 worker ants, an orc priest, an orc wizard, an
orc and a centaur skeleton.

Vanquished Creatures
  2 hounds (D:4)
  A worker ant (D:4)
  3 adders (D:3)
  3 gnolls (D:3)
  An adder skeleton (D:4)
  A worm (D:3)
  2 dart slugs
  A leopard gecko (D:2)
  5 orcs
  2 ball pythons
  5 bats
  A giant cockroach (D:1)
  5 hobgoblins
  4 jackals (D:2)
  6 kobolds
  A quokka (D:3)
  11 frilled lizards
  8 goblins
  7 rats
69 creatures vanquished.

Notes
Turn   | Place    | Note
-------+----------+-------------------------------------------
     0 | D:1      | Chiseanne the Octopode Monk began the quest for the Orb.
     0 | D:1      | Reached XP level 1. HP: 16/16 MP: 1/1
   290 | D:1      | Reached XP level 2. HP: 19/21 MP: 2/2
   906 | D:2      | Reached XP level 3. HP: 22/26 MP: 3/3
  1164 | D:2      | Found a hide-covered altar of Uskayaw.
  1164 | D:2      | Found a white marble altar of Elyvilon.
  2126 | D:3      | Reached skill level 1 in Shields
  2203 | D:3      | Reached XP level 4. HP: 33/33 MP: 4/4
  2945 | D:3      | Reached XP level 5. HP: 31/37 MP: 5/5
  3120 | D:4      | Noticed an ogre
  3184 | D:4      | Noticed an ogre
  3392 | D:4      | Found a shadowy altar of Dithmenos.
  3409 | D:4      | Slain by a howler monkey

Skill      XL: |  1  2  3  4  5 |
---------------+----------------+-----
Stealth        | 3 |  3.5
Shields        | 1 2 |  2.5
Dodging        | 4 |  4.4
Fighting       | 4 |  4.3
Axes           | |  3.0

Action                   |  1- 3 |  4- 6 || total
-------------------------+-------+-------++-------
Melee: Hand axe          |    71 |    66 ||   137
       Constrict         |    19 |    17 ||    36
       Tentacles         |    10 |    13 ||    23
  Use: Scroll            |    12 |     1 ||    13
       Potion            |       |     3 ||     3
 Stab: Sleeping          |    14 |     7 ||    21
  Eat: Chunk             |     4 |     4 ||     8
Armor: Skin              |     4 |    83 ||    87
Dodge: Dodged            |    29 |    30 ||    59
Block: Large shield      |    19 |    46 ||    65
